 Dungeon Crawl Stone Soup version 0.25.0-1-g7eea58d (webtiles) character file.

Game seed: 8816661233090856596

39478 Illumine the Basher (level 14, -1/90 HPs)
             Began as a Gargoyle Fighter on June 21, 2020.
             Was the Champion of Okawaru.
             Slain by Thalamas's ghost (2 damage)
             ... on level 5 of the Lair of Beasts.
             The game lasted 00:39:15 (17141 turns).

Illumine the Basher (Gargoyle Fighter)             Turns: 17141, Time: 00:39:16

Health: -1/90      AC: 44    Str: 25    XL:     14   Next: 6%
Magic:  20/20      EV: 11    Int: 11    God:    Okawaru [******]
Gold:   1053       SH: 21    Dex:  9    Spells: 13/13 levels left

rFire    + + .     SeeInvis +   a - +9 flail of Death's Door {vorpal, Int+2}
rCold    . . .     Gourm    .   T - +0 tower shield
rNeg     + . .     Faith    .   F - +4 plate armour {rF+}
rPois    ∞         Spirit   .   I - +0 helmet
rElec    +         Reflect  .   u - +1 cloak
rCorr    .         Harm     .   z - +5 pair of gloves of Fedhas's Hope {rElec SInv}
MR       +....                  C - +0 pair of boots
Stlth    ..........             J - amulet of the acrobat
HPRegen  0.25/turn              k - ring of protection from fire
MPRegen  0.17/turn              (no ring)

@: heroism, flying
A: big wings, negative energy resistance 1, electricity resistance, unbreathing,
petrification resistance, rot immunity, AC +10
a: Stop Flying, Heroism, Finesse, Renounce Religion


You were on level 5 of the Lair of Beasts.
You worshipped Okawaru.
Okawaru was exalted by your worship.
You were not hungry.

You visited 3 branches of the dungeon, and saw 17 of its levels.
You also visited: Volcano.

You collected 1290 gold pieces.
You spent 237 gold pieces at shops.

Inventory:

Hand Weapons
 a - the +9 flail of Death's Door (weapon) {vorpal, Int+2}
   (You found it on level 10 of the Dungeon)

   It inflicts extra damage upon your enemies.
   It affects your intelligence (+2).
 b - the +8 fustibalus of the Silent Majority {vorpal, rElec rPois MR+ MP+9}
   (Okawaru gifted it to you on level 4 of the Lair of Beasts)

   Any stone fired from it inflicts extra damage.
   It insulates you from electricity.
   It protects you from poison.
   It affects your resistance to hostile enchantments.
   It affects your magic capacity (+9).
 v - a +2 mace of protection
 R - the +7 hand axe of Ru's Hatred {antimagic, MP+9 Str+3, unknown}
   (You found it on level 10 of the Dungeon)

   It reduces the magical energy of the wielder, and disrupts the spells and
   magical abilities of those hit.
   Natural abilities and divine invocations are not affected.
   It affects your strength (+3).
   It affects your magic capacity (+9).
Missiles
 h - 83 sling bullets
 s - 466 stones (quivered)
 D - 4 throwing nets
Armour
 d - the +1 chain mail of Suphen {MR+ Stlth+}
   (You bought it in a shop on level 5 of the Dungeon)

   It affects your resistance to hostile enchantments.
   It makes you more stealthy.
 e - a +0 crystal plate armour
 u - a +1 cloak (worn)
 z - the +5 pair of gloves of Fedhas's Hope (worn) {rElec SInv}
   (You found it on level 4 of the Dungeon)

   It insulates you from electricity.
   It lets you see invisible.
 C - a +0 pair of boots (worn)
 F - a +4 plate armour of fire resistance (worn)
 I - a +0 helmet (worn)
 T - a +0 tower shield (worn)
 W - the +2 robe of Ethics {rElec MR+}
   (Okawaru gifted it to you on level 1 of the Lair of Beasts)

   It insulates you from electricity.
   It affects your resistance to hostile enchantments.
Jewellery
 k - a ring of protection from fire (left hand)
 J - an amulet of the acrobat (around neck)
 U - an uncursed ring of fire
 V - an uncursed amulet of guardian spirit {unknown}
Wands
 c - a wand of clouds (2)
 t - a wand of flame (31)
 L - a wand of polymorph (11)
 Z - a wand of acid (6)
Scrolls
 i - 3 scrolls of enchant armour
 j - 5 scrolls of remove curse
 m - 3 scrolls of fog
 n - a scroll of immolation
 q - 6 scrolls of teleportation
 x - a scroll of fear {unknown}
 B - a scroll of magic mapping
 G - 2 scrolls of enchant weapon {unknown}
 K - 2 scrolls of vulnerability {unknown}
 O - a scroll of random uselessness {unknown}
Potions
 g - 7 potions of stabbing
 l - a potion of berserk rage {unknown}
 o - 2 potions of invisibility
 p - 6 potions of curing
 r - 5 potions of heal wounds
 w - 4 potions of lignification
 A - 3 potions of haste
 E - 5 potions of might
 M - a potion of mutation {unknown}
 N - 2 potions of cancellation {unknown}
 P - 3 potions of flight
 Q - 3 potions of brilliance {unknown}
 X - 3 potions of resistance {unknown}
Miscellaneous
 S - a box of beasts
Comestibles
 f - 29 rations
 Y - 4 chunks of flesh


   Skills:
 + Level 11.4(16.4) Fighting
 + Level 11.7(16.7) Maces & Flails
 + Level 11.5(16.5) Armour
 + Level 6.9(11.9) Dodging
 + Level 11.5(16.5) Shields
 + Level 9.2 Invocations


You had 13 spell levels left.
You didn't know any spells.
Your spell library contained the following spells:

 Spells                   Type           Power        Failure   Level  Hunger
 Animate Skeleton         Necr           N/A          100%        1    ##.....
 Corona                   Hex            #......      100%        1    ##.....
 Pain                     Necr           #...         100%        1    ##.....
 Sting                    Tmut/Pois      #...         100%        1    ##.....
 Blink                    Tloc           N/A          100%        2    ###....
 Shroud of Golubria       Chrm/Tloc      #.....       100%        2    ###....
 Slow                     Hex            #.......     100%        2    ###....
 Gell's Gravitas          Tloc           #.........   100%        3    ####...
 Inner Flame              Hex/Fire       #.......     100%        3    ####...
 Lesser Beckoning         Tloc           #.........   100%        3    ####...
 Portal Projectile        Hex/Tloc       #.....       100%        3    ####...
 Teleport Other           Tloc           #.......     100%        3    ####...
 Vampiric Draining        Necr           #.........   100%        3    ####...
 Animate Dead             Necr           N/A          100%        4    #####..
 Cause Fear               Hex            #.........   100%        4    #####..
 Leda's Liquefaction      Hex/Erth       #.........   100%        4    #####..
 Passage of Golubria      Tloc           N/A          100%        4    #####..
 Agony                    Necr           #.......     100%        5    ######.


Dungeon Overview and Level Annotations

Branches:
Dungeon (11/15)            Temple (1/1) D:6            Lair (5/6) D:11
  Snake (0/4) Lair:4          Orc (0/2) D:10        Volcano (visited)
  Swamp: Lair:2-4    Shoals: Lair:2-4     Slime: Lair:5-6

Altars:
Ashenzari
Cheibriados
Dithmenos
Elyvilon
Fedhas
Gozag
Hepliaklqana
Kikubaaqudgha
Makhleb
Nemelex Xobeh
Okawaru
Qazlal
Ru
Sif Muna
Trog
Uskayaw
Vehumet
Wu Jian
Xom
Yredelemnul
Zin
The Shining One

Shops:
D:5 *

Annotations:
D:7 3 runed translucent doors, thesequoiad's ghost, novice FoIE
D:11 exclusion: oklob plant
Lair:5 Thalamas's ghost, journeyman MiBe


Innate Abilities, Weirdness & Mutations

You are resistant to torment.
Your stone body is resilient. (AC +10)
You are immune to poison.
Your large and strong wings let you fly indefinitely.
You resist negative energy. (rN+)
You are resistant to electric shocks. (rElec)
You can survive without breathing.
You are immune to petrification.
You are immune to rotting.


Message History

Thalamas's ghost hits you. Thalamas's ghost freezes you.
* * * LOW HITPOINT WARNING * * *
You barely miss Thalamas's ghost.
Thalamas's ghost is severely damaged.
Thalamas's ghost hits you.
* * * LOW HITPOINT WARNING * * *
Thalamas's ghost freezes you.
* * * LOW HITPOINT WARNING * * *
Unknown command.
You barely miss Thalamas's ghost.
Thalamas's ghost is severely damaged.
You barely miss Thalamas's ghost.
Thalamas's ghost is severely damaged.
Thalamas's ghost hits you but does no damage.
You closely miss Thalamas's ghost.
Thalamas's ghost is severely damaged.
Thalamas's ghost hits you!
* * * LOW HITPOINT WARNING * * *
Thalamas's ghost freezes you.
You die...

**,,*,*###....P.#..P##...#.#
#..
*,,,**#.#..##########...#.#
##. **,,** ##...# #%(.#
*.....#* #.. *,,,,* ##..#
#.≈.# ##....# ##. **,,,**
#P..###.≈.# #.<..P# #..
*,,*,* #.....#.≈.# #....###
##.. **,,,** #...###.≈.#
##†....# #... *,,,**
##....##W## ##.....# ##..
**,,* #.......@.# #.....##
##.. *,,,* #...P#...##
##...### #.#. *,,,**
*##..###...#*##.....# ##..
**,,,* *,#..P##.##.##....P##
##.. **,,,*
*#....####*###PP..## #...
*,,,*** #...## #P...P# ###.
*,,,,,* #P..# ##.....# ##.
*,,,,** ##..# #.....P# #..
*,,,*,* *#..#* #......# #..


You could see Thalamas's ghost.

Vanquished Creatures
  Kirke (Lair:4)
  Nessos (Lair:5)
  An ettin (D:10)
  Josephine (D:10)
  Harold (Lair:2)
  4 hydras
  A catoblepas (Lair:2)
  2 centaur warriors
  Erica (D:10)
  A hell knight (Volcano)
  A deep troll (D:10)
  An oklob plant (D:11)
  4 ugly things
  3 black mambas
  Maurice (D:8)
  7 elephants
  16 spiny frogs
  Psyche (D:8)
  2 molten gargoyles (Volcano)
  A gargoyle (D:10)
  2 yaktaurs (Volcano)
  4 komodo dragons
  4 blink frogs (Lair:2)
  Prince Ribbit (D:5)
  A bog body (Lair:2)
  4 hippogriffs
  4 wraiths (D:10)
  A hog (Lair:4)
  4 fire bats (Volcano)
  25 yaks
  A wyvern (D:10)
  2 basilisks
  A hungry ghost (D:10)
  A swamp worm (Lair:2)
  2 nagas (Lair:4)
  An acid dragon (D:11)
  Duvessa (D:7)
  10 water moccasins
  8 porcupines
  3 orc warriors
  2 ice beasts
  4 phantoms
  A sky beast (D:10)
  A necrophage (D:10)
  8 ogres
  4 centaurs
  8 crocodiles
  A big kobold (D:8)
  9 bullfrogs
  2 gnoll sergeants
  A water moccasin skeleton (D:5)
  Dowan (D:7)
  5 scorpions
  A killer bee (D:10)
  3 wights (D:6)
  3 electric eels (Lair:2)
  A howler monkey (D:6)
  6 crimson imps
  6 lava snakes (Volcano)
  3 jellies
  5 hounds
  10 orc priests
  Crazy Yiuf (D:3)
  A gnoll shaman (D:10)
  4 iguanas
  4 bullfrog skeletons
  A centaur skeleton (D:9)
  Natasha (D:4)
  8 orc wizards
  6 worker ants
  A hound skeleton (D:6)
  A howler monkey zombie (D:10)
  A worker ant zombie (D:10)
  11 adders
  16 gnolls
  2 howler monkey skeletons
  A shadow imp (D:10)
  A white imp (D:8)
  An ooze (D:3)
  An adder skeleton (D:4)
  4 worms
  12 leopard geckos
  31 orcs
  6 bats
  7 giant cockroaches
  7 goblins
  4 hobgoblins
  10 jackals
  13 kobolds
  A quokka (D:3)
  2 ball pythons
  6 frilled lizards
  A quokka zombie (D:5)
  9 rats
  A plant (D:11)
392 creatures vanquished.

Vanquished Creatures (others)
  A human (Lair:4)
  6 fungi
  2 plants (D:7)
9 creatures vanquished.

Grand Total: 401 creatures vanquished

Notes
Turn   | Place    | Note
-------+----------+-------------------------------------------
     0 | D:1      | Illumine the Gargoyle Fighter began the quest for the Orb.
     0 | D:1      | Reached XP level 1. HP: 14/14 MP: 1/1
   587 | D:1      | Reached XP level 2. HP: 17/19 MP: 2/2
  1213 | D:2      | Reached XP level 3. HP: 20/23 MP: 3/3
  1290 | D:2      | Found a hazy altar of Hepliaklqana.
  1659 | D:2      | Found a shattered altar of Ashenzari.
  1726 | D:2      | Reached XP level 4. HP: 23/29 MP: 4/4
  2118 | D:3      | Found an opulent altar of Gozag.
  2359 | D:3      | Found a blossoming altar of Fedhas.
  2402 | D:3      | Found a runed translucent door.
  2403 | D:3      | Noticed Crazy Yiuf
  2412 | D:3      | Killed Crazy Yiuf
  2412 | D:3      | Reached XP level 5. HP: 25/33 MP: 5/5
  3042 | D:4      | Noticed an ogre
  3129 | D:4      | Noticed an ogre
  3134 | D:4      | Killed an ogre
  3134 | D:4      | Reached XP level 6. HP: 39/39 MP: 6/6
  3224 | D:4      | Found a sacrificial altar of Ru.
  3272 | D:4      | Noticed a phantom
  3679 | D:4      | Reached XP level 7. HP: 42/44 MP: 7/7
  3779 | D:4      | Got a pair of masterwork gloves
  3785 | D:4      | Identified the +5 pair of gloves of Fedhas's Hope {rElec
                  | SInv} (You found it on level 4 of the Dungeon)
  3808 | D:4      | Noticed Natasha
  3816 | D:4      | Killed Natasha
  3816 | D:4      | Reached skill level 5 in Maces & Flails
  3993 | D:4      | Reached skill level 5 in Armour
  3993 | D:4      | Reached skill level 5 in Shields
  4016 | D:5      | Entered Level 5 of the Dungeon
  4022 | D:5      | Reached skill level 5 in Fighting
  4179 | D:5      | Found Yrextourch's Assorted Antiques.
  4187 | D:5      | Bought a scorched chain mail for 237 gold pieces
  4197 | D:5      | Reached XP level 8. HP: 49/49 MP: 8/8
  4201 | D:5      | Identified the +1 chain mail of Suphen {MR+ Stlth+} (You
                  | bought it in a shop on level 5 of the Dungeon)
  4259 | D:5      | Found a white marble altar of Elyvilon.
  4259 | D:5      | Noticed Prince Ribbit
  4287 | D:5      | Killed Prince Ribbit
  4488 | D:5      | Found a shadowy altar of Dithmenos.
  5481 | D:6      | Reached XP level 9. HP: 47/55 MP: 9/9
  5571 | D:6      | HP: 1/56 [orc priest/divine providence (10)]
  5879 | D:6      | Found a shimmering altar of Xom.
  6580 | D:6      | Found a staircase to the Ecumenical Temple.
  6589 | Temple   | Entered the Ecumenical Temple
  6625 | Temple   | Became a worshipper of Warmaster Okawaru
  6702 | D:6      | Found a glowing silver altar of Zin.
  7243 | D:7      | Noticed Duvessa
  7243 | D:7      | Noticed Dowan
  7336 | D:7      | Killed Dowan
  7387 | D:7      | Killed Duvessa
  7795 | D:7      | Found a radiant altar of Vehumet.
  7820 | D:7      | Found an ancient bone altar of Kikubaaqudgha.
  7821 | D:7      | Found a shimmering blue altar of Sif Muna.
  7824 | D:7      | Identified Sif Muna's Almanac of Transmigration
  8010 | D:7      | Found a runed translucent gate.
  8010 | D:7      | Found a runed translucent gate.
  8010 | D:7      | Found a runed translucent gate.
  8012 | D:7      | Noticed thesequoiad's ghost (novice FoIE)
  8117 | D:8      | Reached * piety under Okawaru
  8307 | D:8      | Noticed Maurice
  8339 | D:8      | Killed Maurice
  8339 | D:8      | Reached skill level 1 in Dodging
  8339 | D:8      | Reached skill level 1 in Invocations
  8339 | D:8      | Reached XP level 10. HP: 54/63 MP: 9/11
  8662 | D:8      | Reached ** piety under Okawaru
  8790 | D:8      | Found a snail-covered altar of Cheibriados.
  8790 | D:8      | Found an ornate altar of the Wu Jian Council.
  8907 | D:8      | Noticed Psyche
  8929 | D:8      | Killed Psyche
  9281 | D:9      | Found a shadowy altar of Dithmenos.
  9310 | D:9      | Noticed a green ugly thing
  9341 | D:9      | Killed a green ugly thing
  9766 | D:10     | Entered Level 10 of the Dungeon
  9842 | D:10     | Noticed Erica
  9858 | D:10     | Killed Erica
  9858 | D:10     | Reached *** piety under Okawaru
  9935 | D:10     | Noticed an ettin
  9936 | D:10     | Noticed a deep troll
  9947 | D:10     | Killed an ettin
  9947 | D:10     | Reached XP level 11. HP: 62/69 MP: 11/14
  9964 | D:10     | Killed a deep troll
 10108 | D:10     | Got a masterwork hand axe
 10120 | D:10     | Got a shimmering flail
 10127 | D:10     | Identified the +9 flail of Death's Door {vorpal, Int+2}
                  | (You found it on level 10 of the Dungeon)
 10294 | D:10     | Noticed a centaur warrior
 10307 | D:10     | Killed a centaur warrior
 10307 | D:10     | Reached skill level 5 in Invocations
 10311 | D:10     | Reached **** piety under Okawaru
 10635 | D:10     | Noticed Josephine
 10636 | D:10     | Found a staircase to the Orcish Mines.
 10651 | D:10     | Killed Josephine
 10651 | D:10     | Reached ***** piety under Okawaru
 10651 | D:10     | Reached skill level 10 in Maces & Flails
 11288 | D:11     | Noticed a green ugly thing
 11299 | D:11     | Killed a green ugly thing
 11378 | D:11     | Noticed a red ugly thing
 11385 | D:11     | Killed a red ugly thing
 11449 | D:11     | Noticed a cyan ugly thing
 11464 | D:11     | Killed a cyan ugly thing
 11464 | D:11     | Reached XP level 12. HP: 69/76 MP: 16/16
 11667 | D:11     | Found a staircase to the Lair.
 11960 | D:11     | Received a gift from Okawaru
 12217 | Lair:1   | Entered Level 1 of the Lair of Beasts
 12434 | Lair:1   | Reached skill level 10 in Shields
 12439 | Lair:1   | Reached skill level 10 in Armour
 12439 | Lair:1   | Reached skill level 5 in Dodging
 12809 | Lair:1   | Reached skill level 10 in Fighting
 13009 | Lair:1   | Received a gift from Okawaru
 13010 | Lair:1   | Got an ominously black robe {god gift}
 13021 | Lair:1   | Identified the +2 robe of Ethics {rElec MR+} (Okawaru
                  | gifted it to you on level 1 of the Lair of Beasts)
 13287 | Lair:2   | Noticed a five-headed hydra
 13295 | Lair:2   | Killed a five-headed hydra
 13573 | Lair:2   | Noticed a catoblepas
 13584 | Lair:2   | Killed a catoblepas
 13624 | Lair:2   | Reached ****** piety under Okawaru
 13624 | Lair:2   | Reached XP level 13. HP: 83/83 MP: 18/18
 13884 | Lair:2   | Noticed Harold
 13898 | Lair:2   | Killed Harold
 15356 | Lair:4   | Found a staircase to the Snake Pit.
 15449 | Lair:4   | Noticed Kirke
 15466 | Lair:4   | Killed Kirke
 15466 | Lair:4   | Received a gift from Okawaru
 15468 | Lair:4   | Got a translucent fustibalus {god gift}
 15477 | Lair:4   | Identified the +8 fustibalus of the Silent Majority
                  | {vorpal, rElec rPois MR+ MP+9} (Okawaru gifted it to you on
                  | level 4 of the Lair of Beasts)
 16303 | Lair:5   | Received a gift from Okawaru
 16359 | Lair:5   | Found a dark tunnel.
 16364 | Volcano  | Entered a volcano
 16668 | Volcano  | Found a radiant altar of Vehumet.
 16871 | Lair:5   | Noticed Nessos
 16889 | Lair:5   | Killed Nessos
 16889 | Lair:5   | Gained mutation: Your large and strong wings let you fly
                  | indefinitely. [Gargoyle growth]
 16889 | Lair:5   | Reached XP level 14. HP: 82/90 MP: 20/20
 17087 | Lair:5   | Found a runed translucent door.
 17093 | Lair:5   | Noticed Thalamas's ghost (journeyman MiBe)
 17141 | Lair:5   | HP: 1/90 [Thalamas's ghost (16)]
 17141 | Lair:5   | Slain by Thalamas's ghost

Illustrated notes

Levels and vault maps discovered:
D:1:      wheals_arrival_shading, layout_loops_corners, nrook_mini_vaults
D:2:      layout_basic, lemuel_crystal_altar, nicolae_overflow_crystal_walls,
          chequers_mini_garden
D:3:      layout_loops_ring, nicolae_gozag_seed_capital, first_ration,
          fedhas_altar_2, uniq_crazy_yiuf_cottage
D:4:      layout_rooms, nicolae_ru_great_annihilating_truth, st_stairs_12,
          uniq_natasha
D:5:      layout_cave_pods, elyvilon_altar_5, serial_shops, shop_fountains,
          nicolae_dithmenos_the_darkroom, uniq_prince_ribbit1
D:6:      layout_basic, zin_statuary, marbit_many_paths,
          minmay_temple_entry_butterflies
D:7:      layout_cave_pools, grunt_temple_overflow_magic_moments,
          gammafunk_ghost_nasty_kobolds, uniq_duvessa
D:8:      layout_cave_pools, gammafunk_temple_overflow_elements,
          minmay_fire_ice_demons, uniq_psyche, uniq_maurice
D:9:      layout_rooms, basic_altar
D:10:     minmay_the_grid_plus_closed [minmay_the_grid_stretched_grid,
          minmay_the_grid_plusring, minmay_the_grid_tiny_cups,
          minmay_the_grid_embedded, minmay_the_grid_prize_diamond_cup],
          layout_cross, orc_0_dummy, serial_gnoll_camp, gnoll_camp_medium_01,
          uniq_josephine, uniq_erica
D:11:     layout_basic, dpeg_oklobed_lair
Temple:   jpeg_temple_island
Lair:1:   layout_cave_pods, lemuel_oklob_altar, uniq_urug
Lair:2:   dragon1_lemuel, layout_gridlike, nicolae_swamp_entry_splash_gauntlet,
          lemuel_fruit_tree, uniq_harold
Lair:3:   layout_hall_layers, st_stairs_12, grunt_megastairs_4
Lair:4:   layout_roguey, guppyfry_snake_entry_island, uniq_kirke
Lair:5:   layout_long_grid, enter_volcano_4, ebering_ghost_reflecting_pool,
          uniq_nessos

Skill      XL: |  1  2  3  4  5  6  7  8  9 10 11 12 13 |
---------------+----------------------------------------+-----
Maces & Flails | 3 4 5 7 8 9 10 11 | 11.7
Armour         | 4 5 6 7 8 9 10 11 | 11.5
Shields        | 4 5 6 7 8 9 10 11 | 11.5
Fighting       | 4 5 6 7 8 9 10 11 | 11.4
Dodging        | 1 3 4 5 6 |  6.9
Invocations    | 1 4 6 7 9 |  9.2

Action                   |  1- 3 |  4- 6 |  7- 9 | 10-12 | 13-15 || total
-------------------------+-------+-------+-------+-------+-------++-------
Melee: Flail             |   142 |   181 |   580 |   739 |   371 ||  2013
 Fire: Hunting sling     |       |    13 |    31 |    51 |       ||    95
       Fustibalus        |       |       |       |       |    24 ||    24
Throw: Dart              |       |     9 |    54 |     6 |       ||    69
Invok: Heroism           |       |       |       |     2 |     3 ||     5
 Abil: Fly               |       |       |       |       |     1 ||     1
Evoke: Wand              |       |       |     1 |       |       ||     1
  Use: Potion            |       |     1 |     1 |     1 |       ||     3
       Scroll            |       |       |    13 |     3 |     1 ||    17
  Eat: Chunk             |     3 |     6 |     9 |    14 |     5 ||    37
       Ration            |       |       |     2 |     2 |     2 ||     6
Armor: Scale mail        |   100 |    81 |    52 |       |       ||   233
       Chain mail        |       |       |   268 |   359 |   154 ||   781
       Acid dragon scale |       |       |       |     6 |       ||     6
       Plate armour      |       |       |       |       |    19 ||    19
Dodge: Dodged            |    55 |    44 |   129 |   194 |    90 ||   512
Block: Kite shield       |    95 |    98 |   312 |   371 |     3 ||   879
       Tower shield      |       |       |       |       |   366 ||   366
